 Dungeon Crawl Stone Soup version 0.19-a0-1122-g39308c2 (webtiles) character file.

80 rageheart7 the Skirmisher (level 4, -5/39 HPs)
             Began as a Human Wanderer on Aug 11, 2016.
             Slain by a gnoll
             ... wielding a +0 halberd
              (7 damage)
             ... on level 2 of the Dungeon.
             The game lasted 00:02:45 (1250 turns).

rageheart7 the Skirmisher (Human Wanderer)          Turns: 1250, Time: 00:02:46

Health: -5/39      AC:  5    Str: 15    XL:     4   Next: 65%
Magic:  4/4        EV: 10    Int:  9    God:
Gold:   64         SH:  0    Dex: 14    Spells: 0 memorised, 3 levels left

rFire  . . .     SeeInvis .     c - +0 mace
rCold  . . .     Gourm    .     d - +0 ring mail
rNeg   . . .     Faith    .     (no shield)
rPois  .         Spirit   .     (no helmet)
rElec  .         Dismiss  .     (no cloak)
rCorr  .         Reflect  .     (no gloves)
SustAt .         Harm     .     (no boots)
MR     .....                    (no amulet)
Stlth  +.........               (no ring)
                                (no ring)

@: very slightly contaminated
A: no striking features
a: no special abilities


You were on level 2 of the Dungeon.
You were hungry.

You visited 1 branch of the dungeon, and saw 2 of its levels.

You collected 64 gold pieces.

Inventory:

Hand Weapons
 b - a +2 blowgun
 c - a +0 mace (weapon)
Armour
 d - a +0 ring mail (worn)
Scrolls
 e - 2 scrolls of identify {unknown}
 i - a scroll of amnesia {unknown}
 n - 2 scrolls of teleportation {unknown}
Potions
 h - a potion of heal wounds {unknown}
 l - a potion of curing {unknown}
Comestibles
 f - a bread ration
 g - 9 chunks of flesh
 k - 2 meat rations


   Skills:
 - Level 5.0 Fighting
 * Level 4.1 Maces & Flails
 - Level 2.0 Throwing
 - Level 1.0 Armour
 - Level 1.0 Stealth


You had 3 spell levels left.
You didn't know any spells.

Dungeon Overview and Level Annotations

Branches:
Dungeon (2/15)

Altars:


Message History

The gnoll is heavily wounded.
You are feeling hungry.
The gnoll hits you with a halberd!
* * * LOW HITPOINT WARNING * * *
You are too injured to fight recklessly!
You are too injured to fight recklessly!
Wield which item (- for none, * to show all)? (? for menu, Esc to quit)
b - a +2 blowgun (weapon)
You feel yourself slow down.
You are too injured to fight recklessly!
Firing (i - inventory):
m - a needle of sleeping (quivered)
Press: ? - help, Shift-Dir - straight line, f - gnoll
Aim: a gnoll, wielding a halberd (heavily wounded)
You shoot a needle of sleeping. The needle of sleeping hits the gnoll!
The gnoll is heavily wounded.
Wield which item (- for none, * to show all)? (? for menu, Esc to quit)
c - a +0 mace (weapon)
The gnoll shouts!
The gnoll hits you with a halberd!
You die...

###..÷#.##..#......⌠.(....#
#...#....S..#......÷......#
#.#...#...###......(......#
##.##.####.#
#.............# ..#...# #.#
#######'####### #.#### #.#
#..# #.# #.# #.## #.#
#.########.# ##.##
#.g.((g@...# #..>##
########.### .#.#.## #.#
...##.# #.# .###.## #.#
#.#.## #.# ##.## #.# ###
..#


You could see a gnoll and a hobgoblin.

Vanquished Creatures
  2 gnolls (D:2)
  2 adders (D:2)
  A worm (D:2)
  3 dart slugs
  A giant gecko (D:1)
  A ball python (D:2)
  4 bats
  A giant cockroach (D:2)
  5 goblins
  4 hobgoblins
  A quokka (D:2)
  A giant newt (D:2)
  3 kobolds
  3 rats
32 creatures vanquished.

Notes
Turn   | Place    | Note
-------+----------+-------------------------------------------
     0 | D:1      | rageheart7 the Human Wanderer began the quest for the Orb.
     0 | D:1      | rageheart7 set off with: 3 curare-tipped needles, a +2 blowgun, a +0 mace, a +0 ring mail, a bread ration
     0 | D:1      | Reached XP level 1. HP: 21/21 MP: 1/1
   157 | D:1      | Reached XP level 2. HP: 24/27 MP: 2/2
   557 | D:2      | Reached XP level 3. HP: 33/33 MP: 3/3
  1167 | D:2      | Reached XP level 4. HP: 38/39 MP: 4/4
  1250 | D:2      | Slain by a gnoll

Vault maps used:
D:1:      onia_arrival_mini_maze_b
D:2:      nicolae_overflow_hidden_temple, old_standard_altar,
          kennysheep_generic_room_2, uniq_jessica, uniq_sigmund

Skill      XL: |  1  2  3  4 |
---------------+-------------+-----
Maces & Flails | 2 3 4 |  4.1
Fighting       | |  5.0
Throwing       | |  2.0
Armour         | |  1.0
Stealth        | |  1.0

Action                   |  1- 3 |  4- 6 || total
-------------------------+-------+-------++-------
Melee: Mace              |   104 |    16 ||   120
 Fire: Blowgun           |     1 |     9 ||    10
  Use: Potion            |       |     1 ||     1
 Stab: Sleeping          |     1 |       ||     1
  Eat: Chunk             |     1 |       ||     1
Armor: Ring mail         |    40 |     5 ||    45
Dodge: Dodged            |    81 |    11 ||    92
